 Dungeon Crawl Stone Soup version 0.24.0-37-gcf1ca852f1 (webtiles) character file.

Game seed: 18018571739790001964, levelgen mode: deterministic

345 PentaManta the Vandal (level 6, -8/52 HPs)
             Began as a Centaur Hunter on Dec 5, 2019.
             Killed from afar by an orc wizard (9 damage)
             ... with a puff of flame
             ... on level 4 of the Dungeon.
             The game lasted 00:07:28 (3354 turns).

PentaManta the Vandal (Centaur Hunter)              Turns: 3354, Time: 00:07:28

Health: -8/52      AC:  4    Str: 17    XL:     6   Next: 32%
Magic:  6/6        EV:  9    Int: 10    God:
Gold:   100        SH:  0    Dex:  9    Spells: 5/5 levels left

rFire    . . .     SeeInvis .   a - +1 hunting sling
rCold    . . .     Gourm    .   (no shield)
rNeg     . . .     Faith    .   c - +0 leather armour
rPois    .         Spirit   .   (no helmet)
rElec    .         Reflect  .   (no cloak)
rCorr    .         Harm     .   (no gloves)
MR       .....                  (no barding)
Stlth    +.........             (no amulet)
HPRegen  0.17/turn              (no ring)
MPRegen  0.10/turn              (no ring)

@: very quick
A: large, hooves 3, deformed body, speed 2, tough skin 3
a: no special abilities


You were on level 4 of the Dungeon.
You were near starving.

You visited 1 branch of the dungeon, and saw 4 of its levels.

You collected 100 gold pieces.

Inventory:

Hand Weapons
 a - a +1 hunting sling (weapon)
 b - a +0 short sword
Missiles
 h - 99 stones (quivered)
Armour
 c - a +0 leather armour (worn)
 x - a +0 ring mail
Jewellery
 g - a +3 ring of dexterity {unknown}
 j - a +3 ring of evasion {unknown}
Scrolls
 i - 2 scrolls of remove curse {unknown}
 l - a scroll of amnesia {unknown}
 m - 3 scrolls of enchant armour {unknown}
 o - a scroll of fear {unknown}
 q - 4 scrolls of identify {unknown}
 s - a scroll of noise {unknown}
 u - 2 scrolls of enchant weapon {unknown}
 w - a scroll of immolation {unknown}
Potions
 e - 2 potions of heal wounds {unknown}
 k - 2 potions of curing {unknown}
 n - a potion of lignification {unknown}
 p - a potion of mutation {unknown}
 r - a potion of flight {unknown}
 t - a potion of agility {unknown}
 v - a potion of cancellation {unknown}
Comestibles
 f - 10 rations


   Skills:
 + Level 4.0 Fighting
 * Level 7.1 Slings
 - Level 2.0 Dodging
 - Level 0.4 Stealth


You had 5 spell levels left.
You didn't know any spells.
Your spell library was empty.

Dungeon Overview and Level Annotations

Branches:
Dungeon (4/15)
 Temple: D:4-7

Altars:
Cheibriados
Trog
The Shining One


Innate Abilities, Weirdness & Mutations

You have hooves in place of feet.
Armour fits poorly on your strangely shaped body.
You cover ground very quickly.
You have extremely tough skin. (AC +3)


Message History

Firing (i - inventory)
h - 103 stones (quivered)
Press: ? - help, Shift-Dir - straight line You shoot a stone.
Something hits you but does no damage.
Firing (i - inventory)
h - 102 stones (quivered)
Press: ? - help, Shift-Dir - straight line You shoot a stone.
Something hits you but does no damage.
Firing (i - inventory)
h - 101 stones (quivered)
Press: ? - help, Shift-Dir - straight line You shoot a stone.
You hear some strange, mumbled words.
A magic dart appears from out of thin air!
The magic dart hits you.
* * * LOW HITPOINT WARNING * * *
Firing (i - inventory)
h - 100 stones (quivered)
Press: ? - help, Shift-Dir - straight line You shoot a stone.
You hear some strange, mumbled words.
A puff of flame appears from out of thin air!
The puff of flame hits you!
You die...

#+# ### .########.##..##..
..((......#.......
..........@.......
.######(({###+##..
######..)## #.......(.#
#........(# #...(...(.#
######.##(# +
##$.##.##<###############.
+...).....(.....รท....>....


There were no monsters in sight!

Vanquished Creatures
  An ogre (D:4)
  Natasha (twice) (D:2)
  2 orc wizards (D:4)
  A worker ant (D:3)
  3 adders
  3 oozes
  3 worms
  2 dart slugs
  2 leopard geckos
  6 orcs
  6 giant cockroaches
  8 goblins
  11 hobgoblins
  2 jackals (D:3)
  2 quokkas
  2 ball pythons
  6 bats
  7 frilled lizards
  6 kobolds
  A quokka skeleton (D:4)
  8 rats
84 creatures vanquished.

Notes
Turn   | Place    | Note
-------+----------+-------------------------------------------
     0 | D:1      | PentaManta the Centaur Hunter began the quest for the Orb.
     0 | D:1      | Reached XP level 1. HP: 17/17 MP: 1/1
   250 | D:1      | Reached XP level 2. HP: 20/24 MP: 2/2
   775 | D:1      | Reached skill level 5 in Slings
  1150 | D:2      | Reached XP level 3. HP: 30/30 MP: 3/3
  1246 | D:2      | Noticed Natasha
  1250 | D:2      | Killed Natasha
  1346 | D:2      | Reached XP level 4. HP: 37/37 MP: 4/4
  1351 | D:2      | Found a snail-covered altar of Cheibriados.
  1484 | D:2      | Noticed Natasha
  1493 | D:2      | Killed Natasha
  1896 | D:3      | Reached XP level 5. HP: 36/45 MP: 5/5
  1993 | D:3      | Reached skill level 6 in Slings
  2037 | D:3      | Found a glowing golden altar of the Shining One.
  2070 | D:3      | Noticed a moth of wrath
  2184 | D:3      | Found a bloodstained altar of Trog.
  2793 | D:4      | Noticed an ogre
  2830 | D:4      | Killed an ogre
  3237 | D:3      | Reached XP level 6. HP: 39/52 MP: 6/6
  3332 | D:4      | Reached skill level 7 in Slings
  3353 | D:4      | HP: 1/52 [something/magic dart (5)]
  3354 | D:4      | Killed from afar by an orc wizard

Levels and vault maps discovered:
D:1:      dpeg_arrival_rooms_c, layout_loops_corners, chequers_jeans
D:2:      layout_basic, kennysheep_slug_shrine, uniq_natasha
D:3:      layout_basic, nicolae_tso_carved_into_rock, tgw_trog, first_ration,
          minmay_misc_feat_tower, corexii_item_surrounded_by_moat
D:4:      layout_gridville, ashenzari_conservatory_becter, temple_statues

Skill      XL: |  1  2  3  4  5  6 |
---------------+-------------------+-----
Slings         | 5 6 7 |  7.1
Dodging        | 2 |  2.0
Fighting       | 3 4 |  4.0
Stealth        | |  0.4

Action                   |  1- 3 |  4- 6 || total
-------------------------+-------+-------++-------
Melee: Hunting sling     |       |     1 ||     1
 Fire: Hunting sling     |   116 |   203 ||   319
  Eat: Chunk             |       |     3 ||     3
Armor: Leather armour    |     8 |    30 ||    38
Dodge: Dodged            |    16 |    47 ||    63
